 Dungeon Crawl Stone Soup version 0.28-a0-657-g71136c5590 (webtiles) character file.

Game seed: 15697809175176520814

2764 ytrimaz the Covert (level 9, -3/56 (57) HPs)
             Began as an Octopode Brigand on Oct 13, 2021.
             Was a Follower of Dithmenos.
             Slain by a wight (21 damage)
             ... on level 8 of the Dungeon.
             The game lasted 00:14:02 (8505 turns).

ytrimaz the Covert (Octopode Brigand)               Turns: 8505, Time: 00:14:02

HP:   -3/56 (57)    AC:  1    Str: 10    XL:     9   Next: 69%
MP:   11/11         EV: 19    Int: 14    God:    Dithmenos [*.....]
Gold: 262           SH:  0    Dex: 16    Spells: 8/8 levels left

rFire   . . .      SeeInvis .   h - +2 short sword (venom)
rCold   + . .      Faith    .   (no shield)
rNeg    . . .      Spirit   .   (helmet restricted)
rPois   .          Reflect  .   (no amulet)
rElec   .          Harm     .   j - +4 ring of evasion
rCorr   .          Rampage  .   (no ring)
Will    .....                   (no ring)
Stlth   ++++++++..              (no ring)
HPRegen 0.18/turn               (no ring)
MPRegen 0.12/turn               (no ring)
                                (no ring)
                                (no ring)

@: wreathed by umbra, lightly drained
A: almost no armour, amphibious, 8 rings, camouflage 1, gelatinous body 1,
(nimble swimmer 1), tentacles, cold resistance 1
a: Renounce Religion


You were on level 8 of the Dungeon.
You worshipped Dithmenos.
Dithmenos was aware of your devotion.
You visited 2 branches of the dungeon, and saw 9 of its levels.

You collected 273 gold pieces.
You spent 11 gold pieces at shops.

Inventory:

Hand Weapons
 a - the +3 Elemental Staff {rElec rF++ rC++ AC+5}
   (You acquired it on level 6 of the Dungeon)

   If the wielder is skilled in Evocations, they can discharge powerful blasts
   of elemental energy when striking with it.
   It enhances your fire, ice, earth and air magic.
   AC:        It affects your AC (+5).
   rF:        It greatly protects you from fire.
   rC:        It greatly protects you from cold.
   rElec:     It insulates you from electricity.
 g - a +3 dagger
 h - a +2 short sword of venom (weapon)
Missiles
 b - 43 poisoned darts (quivered)
 c - 2 curare-tipped darts
Jewellery
 j - a +4 ring of evasion (left tentacle)
 p - an amulet of magic regeneration
Wands
 f - a wand of polymorph (4)
 o - a wand of digging (6)
Scrolls
 l - 2 scrolls of magic mapping
 r - a scroll of blinking
Potions
 d - a potion of curing
 e - 2 potions of flight
 i - a potion of berserk rage
 k - 2 potions of attraction
 m - a potion of lignification {unknown}
 n - a potion of mutation
 q - a potion of might {unknown}
 s - a potion of invisibility {unknown}
 u - a potion of brilliance {unknown}


   Skills:
 - Level 3.4 Fighting
 + Level 6.6 Short Blades
 - Level 2.0 Throwing
 * Level 4.8 Dodging
 * Level 14.0 Stealth
 * Level 3.0 Invocations


You had 8 spell levels left.
You didn't know any spells.
Your spell library contained the following spells:

 Spells                   Type           Power      Damage    Failure   Level
 Shock                    Conj/Air       0%         1d3       28%         1
 Corpse Rot               Necr/Air       N/A        N/A       41%         2
 Poisonous Vapours        Pois/Air       0%         N/A       41%         2
 Scorch                   Fire           0%         2d5       41%         2
 Swiftness                Air            0%         N/A       65%         3
 Airstrike                Air            0%         N/A       96%         4
 Flame Wave               Conj/Fire      0%         3d3       96%         4
 Summon Cactus Giant      Summ           0%         N/A       100%        6


Dungeon Overview and Level Annotations

Branches:
Dungeon (8/15)             Temple (1/1) D:5
   Lair: D:8-11

Altars:
Ashenzari
Cheibriados
Dithmenos
Elyvilon
Fedhas
Gozag
Hepliaklqana
Kikubaaqudgha
Makhleb
Nemelex Xobeh
Okawaru
Qazlal
Ru
Sif Muna
Trog
Uskayaw
Vehumet
Wu Jian
Xom
Yredelemnul
Zin
The Shining One

Shops:
D:1 [   D:4 !   D:6 [


Innate Abilities, Weirdness & Mutations

You cannot wear most types of armour.
You are amphibious.
You can wear up to eight rings at the same time.
Your skin changes colour to match your surroundings (Stealth+).
Your rubbery body absorbs attacks. (AC +1, EV +1)
((You are camouflaged near water. (Stealth+)))
You have tentacles for arms and can constrict up to eight enemies at once.
Your flesh is cold resistant. (rC+)


Message History

Dithmenos accepts your kill.
Unknown command.
The wight closely misses you. x2
There is an open door here.
Items here: )) [[.
You barely miss the wight. Your grab misses the wight.
Your squeeze misses the wight. The wight misses you. x2
Unknown command.
You hit the wight but do no damage. You grab the wight.
You constrict the wight, but do no damage.
The wight closely misses you. The wight misses you.
You hit the wight but do no damage. You squeeze the wight.
The wight is moderately damaged.
You constrict the wight, but do no damage.
The wight barely misses you. The wight hits you with a +0 trident!
You hit the wight but do no damage. You grab the wight.
You constrict the wight.
You constrict the wight, but do no damage.
Unknown command.
You release your grip on the wight. x2; The wight misses you.
The wight closely misses you.
You hit the wight but do no damage. Your grab misses the wight.
The wight is moderately damaged.
The wight misses you.
You hit the wight. You grab the wight. You squeeze the wight.
The wight is severely damaged.
You constrict the wight, but do no damage.
The wight closely misses you. The wight completely misses you.
Unknown command.
You hit the wight.
You squeeze the wight, but do no damage.
The wight is almost destroyed.
You constrict the wight, but do no damage.
The wight hits you with a +2 battleaxe!
You feel drained. The wight closely misses you.
You barely miss the wight.
The wight is almost destroyed.
You constrict the wight.
The wight hits you with a +2 battleaxe!!
You die...

#.....#...##..#......#
#...(.#...#####......###
#.....#.......'.........
#.....#.......#.........
'.....#...###'#.........
#.....#...#.............
#.....#...#.............
#..Y..##..+.............
#....Y##..#.....@.......
#.>...Y...#....#z####...
#.....##. #....#)z..# ..
#.....# #....#....# #
#....#....# #
#....#....# # #.. #+####


You could see 2 wights.

Vanquished Creatures
  Maurice (D:8)
  A water moccasin (D:6)
  A sky beast (D:3)
  A necrophage (D:6)
  3 centaurs
  A phantom (D:4)
  A kobold brigand (D:8)
  2 scorpions
  5 bullfrogs
  A wyvern skeleton (D:6)
  7 killer bees
  5 wights
  3 hounds
  2 jellies (D:5)
  An orc priest (D:7)
  A centaur skeleton (D:7)
  2 iguanas
  Natasha (thrice) (D:3)
  5 orc wizards
  A killer bee zombie (D:8)
  4 hound skeletons
  A howler monkey zombie (D:3)
  Robin (D:3)
  A howler monkey skeleton (D:4)
  8 adders
  A shadow imp (D:8)
  An adder skeleton (D:4)
  4 worms
  3 dart slugs
  18 orcs
  4 ball pythons
  8 endoplasms
  A giant cockroach (D:1)
  13 hobgoblins
  2 jackals (D:2)
  8 quokkas
  A ball python skeleton (D:3)
  A ball python zombie (D:3)
  5 bats
  2 frilled lizards (D:2)
  12 goblins
  A jackal skeleton (D:4)
  9 kobolds
  3 rats
159 creatures vanquished.

Vanquished Creatures (others)
  4 plants (D:2)
  2 withered plants (D:3)
6 creatures vanquished.

Grand Total: 165 creatures vanquished

Notes
Turn   | Place    | Note
-------+----------+-------------------------------------------
     0 | D:1      | ytrimaz the Octopode Brigand began the quest for the Orb.
     0 | D:1      | Reached XP level 1. HP: 14/14 MP: 1/1
   175 | D:1      | Reached XP level 2. HP: 19/19 MP: 2/2
   516 | D:1      | Found Ebuywodu's Antique Armour Shoppe.
   538 | D:1      | Reached skill level 6 in Stealth
   944 | D:1      | Reached XP level 3. HP: 25/25 MP: 3/3
  1354 | D:2      | Found a faded altar of an unknown god.
  1452 | D:2      | Reached skill level 7 in Stealth
  1452 | D:2      | Reached XP level 4. HP: 30/30 MP: 4/4
  1768 | D:2      | Found an ornate altar of the Wu Jian Council.
  1998 | D:2      | Gained mutation: Your flesh is cold resistant. (rC+)
                  | [potion of mutation]
  2179 | D:3      | Reached XP level 5. HP: 35/35 MP: 5/5
  2311 | D:3      | Reached skill level 8 in Stealth
  2327 | D:3      | Noticed a sky beast
  2335 | D:3      | Killed a sky beast
  2336 | D:3      | Reached XP level 6. HP: 41/41 MP: 6/6
  2390 | D:3      | Noticed Robin
  2392 | D:3      | Noticed Natasha
  2527 | D:3      | Reached skill level 9 in Stealth
  2531 | D:3      | Killed Natasha
  2757 | D:3      | Killed Robin
  2818 | D:3      | Noticed Natasha
  2825 | D:3      | Killed Natasha
  3008 | D:3      | Noticed Natasha
  3013 | D:3      | Killed Natasha
  3391 | D:4      | Reached XP level 7. HP: 46/46 MP: 7/7
  3472 | D:4      | Reached skill level 10 in Stealth
  3488 | D:4      | Found Hocod's Distillery.
  3694 | D:4      | Bought a potion of degeneration for 11 gold pieces
  3976 | D:5      | Entered Level 5 of the Dungeon
  3998 | D:5      | Reached skill level 11 in Stealth
  3998 | D:5      | Reached XP level 8. HP: 52/52 MP: 8/8
  4062 | D:5      | Found a staircase to the Ecumenical Temple.
  4076 | Temple   | Entered the Ecumenical Temple
  4411 | Temple   | Became a worshipper of Dithmenos the Shadowed
  5333 | D:6      | Reached skill level 12 in Stealth
  5549 | D:6      | HP: 2/52 [wyvern skeleton (14)]
  5938 | D:6      | Identified the +1 leather armour of Jigsaw {rPois rC+
                  | Str+4}
  5939 | D:6      | Identified a scroll of acquirement
  5939 | D:6      | Acquired the +3 Elemental Staff {rElec rF++ rC++ AC+5}
  5939 | D:6      | Found the +3 Elemental Staff {rElec rF++ rC++ AC+5}
  6002 | D:6      | Reached skill level 5 in Short Blades
  6088 | D:6      | Found Wacus's Antique Armour Boutique.
  6199 | D:6      | Found a blossoming altar of Fedhas.
  6530 | D:7      | Reached skill level 13 in Stealth
  6665 | D:7      | Reached skill level 1 in Invocations
  6796 | D:7      | Reached XP level 9. HP: 57/57 MP: 9/9
  8121 | D:8      | Noticed Maurice
  8125 | D:8      | Reached * piety under Dithmenos
  8167 | D:8      | Killed Maurice
  8494 | D:8      | Reached skill level 14 in Stealth
  8505 | D:8      | Slain by a wight

Illustrated notes

Levels and vault maps discovered:
D:1:      dpeg_arrival_fog, layout_loops_cross, serial_shops,
          nicolae_shop_competitors_out_of_business
D:2:      layout_basic, basic_altar, hellmonk_ecumenical_altar_inner_sanctum,
          grunt_decor_resistance, chequers_big_river, minivault_24
D:3:      layout_loops_ring, serial_undead, serial_undead_d, serial_undead_f,
          serial_undead_b, serial_undead_d, uniq_natasha, uniq_robin
D:4:      layout_basic, kennysheep_windowed_goal
D:5:      layout_loops_corners, minmay_temple_entry_stoned_glass
D:6:      layout_loops_ring, kennysheep_mini, serial_shops, shop_statue
D:7:      layout_loops_cross
D:8:      layout_gridville, minivault_14, uniq_maurice
Temple:   nicolae_temple_the_god_donut

Skill      XL: |  1  2  3  4  5  6  7  8  9 |
---------------+----------------------------+-----
Stealth        | 6 7 8 9 11 13 14 | 14.0
Dodging        | 2 3 4 |  4.8
Fighting       | 3 |  3.4
Short Blades   | 3 4 5 6 |  6.6
Invocations    | 1 3 |  3.0
Throwing       | |  2.0

Action                   |  1- 3 |  4- 6 |  7- 9 || total
-------------------------+-------+-------+-------++-------
Melee: Dagger            |    31 |       |       ||    31
       Tentacles         |     5 |    16 |    39 ||    60
       Constrict         |     9 |    15 |    39 ||    63
       Short sword       |    23 |    91 |   192 ||   306
       Staff             |       |       |     4 ||     4
       Unarmed           |       |       |     1 ||     1
Throw: Dart              |     5 |       |       ||     5
  Use: Scroll            |     2 |     6 |     9 ||    17
       Potion            |       |     1 |       ||     1
 Stab: Sleeping          |    13 |    24 |    21 ||    58
       Distracted        |       |       |     1 ||     1
Armor: Skin              |     8 |     3 |     3 ||    14
Dodge: Dodged            |    22 |    38 |   181 ||   241

Table legend: (Time is in decaauts)
 A = Elapsed time spent in this place.
 B = Non-inter-level travel time spent in this place.
 C = Inter-level travel time spent in this place.
 D = Time resting spent in this place.
 E = Time spent auto-exploring this place.
 F = Levels seen in this place.
 G = Mean time per level.
                   A        B        C        D        E       F      G
               +--------+--------+--------+--------+--------+-----+--------+
         Total |   8490 |   8343 |    147 |   2111 |   4429 |   9 |  943.3 |
       Dungeon |   8142 |   7995 |    147 |   2111 |   4149 |   8 | 1017.8 |
        Temple |    347 |    347 |      0 |      0 |    280 |   1 |  347.0 |
               +--------+--------+--------+--------+--------+-----+--------+

Top non-repeatable levels by time:
     D:7: 1364 daAuts
     D:6: 1208 daAuts
     D:3: 1168 daAuts
     D:1: 1093 daAuts
     D:5: 944 daAuts
     D:2: 932 daAuts
     D:4: 791 daAuts
     D:8: 639 daAuts
  Temple: 347 daAuts
